 Dungeon Crawl Stone Soup version 0.23-a0-405-g368ce00 (webtiles) character file.

102021 ozpin88 the Bludgeoner (level 15, -6/143 HPs)
             Began as a Minotaur Berserker on Nov 6, 2018.
             Was a High Priest of Trog.
             Mangled by an acid blob (26 damage)
             ... on level 5 of the Lair of Beasts.
             The game lasted 01:41:16 (27636 turns).

ozpin88 the Bludgeoner (Minotaur Berserker)        Turns: 27636, Time: 01:41:17

Health: -6/143     AC: 20    Str: 27    XL:     15   Next: 85%
Magic:  2/23       EV: 11    Int: 11    God:    Trog [*****.]
Gold:   2237       SH:  9    Dex: 14    Spells: 14/14 levels left

rFire    + . .     SeeInvis .   R - +0 flail of Teowyrom {flame, rC++ Int+2 Dex+3}
rCold    + + .     Gourm    .   a - +2 buckler of the Vanishing Queens {Int+4 Dex+4}
rNeg     . . .     Faith    .   m - +1 plate armour {rF+}
rPois    .         Spirit   .   (helmet restricted)
rElec    +         Reflect  .   g - +0 cloak
rCorr    .         Harm     .   T - +0 pair of gloves
MR       +....                  C - +0 pair of boots "Lomn" {rElec Int+5}
Stlth    ..........             O - amulet of regeneration
HPRegen  0.73/turn              Y - ring of Pelusienka {+Fly MP+9}
MPRegen  0.18/turn              J - ring of flight

@: corroded, berserk cooldown, slowed, very slow
A: retaliatory headbutt, horns 2, clumsy 2, dopey 2, sense surroundings 1
a: Berserk, Trog's Hand, Brothers in Arms, Renounce Religion, Evoke Flight


You were on level 5 of the Lair of Beasts.
You worshipped Trog.
Trog was extremely pleased with you.
You were not hungry.

You visited 6 branches of the dungeon, and saw 25 of its levels.

You collected 2349 gold pieces.
You spent 112 gold pieces at shops.

Inventory:

Hand Weapons
 L - a +6 great mace of crushing
 R - the +0 flail of Teowyrom (weapon) {flame, rC++ Int+2 Dex+3}
   (You found it on level 9 of the Dungeon)

   It has been specially enchanted to burn those struck by it, causing extra
   injury to most foes and up to half again as much damage against particularly
   susceptible opponents.
   It affects your intelligence (+2).
   It affects your dexterity (+3).
   It greatly protects you from cold.
Armour
 a - the +2 buckler of the Vanishing Queens (worn) {Int+4 Dex+4}
   (You found it on level 11 of the Dungeon)

   It affects your intelligence (+4).
   It affects your dexterity (+4).
 g - a +0 cloak (worn)
 m - a +1 plate armour of fire resistance (worn)
 C - the +0 pair of boots "Lomn" (worn) {rElec Int+5}
   (You found it on level 5 of the Dungeon)

   It affects your intelligence (+5).
   It insulates you from electricity.
 T - a +0 pair of gloves (worn)
Jewellery
 s - an uncursed ring of fire
 u - an uncursed ring of see invisible {unknown}
 J - a ring of flight (right hand)
 O - an amulet of regeneration (around neck)
 Y - the ring of Pelusienka (left hand) {+Fly MP+9}
   (You found it on level 13 of the Dungeon)

   [ring of flight]

   It affects your magic capacity (+9).
   It lets you fly.
Wands
 v - a wand of polymorph (13)
 w - a wand of paralysis (19)
 x - a wand of scattershot (5)
 y - a wand of digging (7)
 A - a wand of iceblast (10)
 E - a wand of random effects (31)
 F - a wand of enslavement (11)
 N - a wand of flame (49)
 Q - a wand of acid (11)
Scrolls
 d - 6 scrolls of teleportation
 e - 8 scrolls of remove curse
 f - a scroll of vulnerability
 i - 8 scrolls of amnesia
 j - 5 scrolls of enchant armour
 n - 4 scrolls of fear
 o - 2 scrolls of noise
 p - 4 scrolls of magic mapping
 r - 3 scrolls of summoning {unknown}
 z - 3 scrolls of enchant weapon
 G - 2 scrolls of immolation
 H - 3 scrolls of blinking
 V - a scroll of holy word
 X - a scroll of fog
Potions
 b - a potion of cancellation
 h - 2 potions of haste
 k - 9 potions of curing
 l - 3 potions of lignification
 q - a potion of mutation
 t - 6 potions of agility
 B - 2 potions of brilliance
 I - a potion of heal wounds
 P - 4 potions of flight
 S - 2 potions of ambrosia
 W - 2 potions of invisibility
 Z - a potion of magic {unknown}
Miscellaneous
 D - a lamp of fire
Comestibles
 c - 18 rations


   Skills:
 + Level 15.8 Fighting
   Level 7.4(13.7) Axes
 + Level 17.7(18.1) Maces & Flails
 + Level 17.2 Armour
 + Level 4.7 Dodging
 - Level 1.0 Stealth
 + Level 13.3 Shields


You had 14 spell levels left.
You didn't know any spells.
Your spell library was empty.

Dungeon Overview and Level Annotations

Branches:
Dungeon (14/15) Temple (0/1) D:6 Lair (6/6) D:9 Shoals (1/4) Lair:2 Spider (1/4) Lair:4 Slime (1/5) Lair:5 Orc (2/2) D:11 Elf (0/3) Orc:2 Vaults (0/5) D:13 D:14

Altars:
Ashenzari
Dithmenos
Fedhas
Gozag
Hepliaklqana
Kikubaaqudgha
Makhleb
Nemelex Xobeh
Okawaru
Qazlal
Sif Muna
Trog
Uskayaw
Wu Jian
Yredelemnul
The Shining One

Shops:
D:4 *   D:11 (   D:13 !   Orc:2 :*[(

Annotations:
D:8 Maurice
D:9 2 runed doors


Innate Abilities, Weirdness & Mutations

You reflexively headbutt those who attack you in melee.
You have a pair of horns on your head.
You are very clumsy. (Dex -4)
You are very dopey. (Int -4)
You passively map a small area around you.


Message History

The acid burns!
The eye of draining gazes at you.
You feel your power leaking away. The acid blob hits you.
You are splashed with acid!
The acid burns!
The acid blob spits acid at you. The splash of acid misses you.
There is a staircase back to the Lair here.
The large slime creature hits you!
* * * LOW HITPOINT WARNING * * *
The acid blob hits you!
* * * LOW HITPOINT WARNING * * *
You are splashed with acid!
The acid burns!
* * * LOW HITPOINT WARNING * * *
A large slime creature splits.
The eye of draining gazes at you.
You feel your power leaking away.
You climb upwards.
Welcome back to the Lair of Beasts!
There is a staircase to the Slime Pits here.
You feel better. The acid blob hits you!!
You die...

####....####
###.......#..#
##............###
#...............##
#................##
#.......#.........#
#................##
#.....#.J.J.#.....####
##......J@J..........##
#....#.....#......(..#
##....................####
#.......#.#..............#
##....................##..
#.....................#.#.
##.............#.|.[.#####
#......P...####.......#
##<......### ##..P.P##


You could see an acid blob, a large slime creature and 2 slime creatures.

Vanquished Creatures
  Rupert (D:14)
  An orc warlord (Orc:2)
  A stone giant (Orc:1)
  The ghost of flyingllamaman the Impaler, a journeyman MiFi of the Shining One (D:14)
  4 entropy weavers (D:13)
  Azrael (D:12)
  The ghost of Rexfelis the Severer, a journeyman MiBe of Trog (Lair:3)
  The ghost of Esinlyl the Zephyrmancer, a journeyman DEAE of Vehumet (Lair:3)
  Snorg (Lair:4)
  Josephine (D:13)
  Harold (D:7)
  Fannar (D:12)
  A merfolk avatar (Shoals:1)
  The ghost of Gaogaxia the Nimble, a journeyman GnGl of Cheibriados (Orc:1)
  7 hydras
  3 ghost crabs (D:13)
  5 centaur warriors
  Erica (Orc:1)
  6 orc high priests (Orc:2)
  A tengu warrior (D:13)
  6 two-headed ogres
  Urug (D:14)
  Sonja (Orc:1)
  6 fire crabs (D:13)
  A sea snake (Shoals:1)
  4 unseen horrors
  Pikel (D:4)
  A deep elf mage (D:14)
  3 orc knights (Orc:2)
  2 manticores
  6 orc sorcerers (Orc:2)
  2 centaur zombies
  4 black mambas
  3 elephants (Lair:5)
  An apocalypse crab (D:13)
  An eye of devastation (Slime:1)
  2 gargoyles
  6 spiny frogs
  A rime drake (Lair:2)
  A kobold demonologist (D:14)
  6 komodo dragons
  4 trolls
  8 polar bears
  9 hornets
  A jumping spider (Lair:4)
  A slime creature (Slime:1)
  5 dream sheep (Lair:6)
  Grinder (D:5)
  30 blink frogs
  A hippogriff (shapeshifter) (D:13)
  14 hippogriffs
  12 spriggans (Lair:6)
  2 vampires
  19 yaks
  A yak (shapeshifter) (D:13)
  A shadow (D:13)
  4 wyverns
  3 wraiths (D:13)
  16 humans
  2 fire elementals (D:12)
  4 neqoxecs (Orc:1)
  Eustachio (D:6)
  3 hungry ghosts
  A steam dragon (Lair:5)
  5 vampire mosquitoes
  6 basilisks
  4 wargs
  Edmund (D:6)
  9 water moccasins
  An acid dragon (D:14)
  6 hell hounds (D:12)
  Duvessa (D:6)
  7 porcupines
  39 orc warriors
  An eye of draining (D:9)
  7 sky beasts
  An ice beast (D:10)
  5 black bears
  A necrophage (D:7)
  2 phantoms
  16 ogres
  25 wolves
  9 boggarts
  6 centaurs
  17 crocodiles
  Blork the orc (D:4)
  7 big kobolds
  18 bullfrogs
  Dowan (D:6)
  A wyvern zombie (D:11)
  2 scorpions
  11 killer bees
  13 wights
  3 vampire bats (D:4)
  6 howler monkeys
  8 crimson imps
  A bullfrog zombie (D:9)
  4 quasits
  12 hounds
  9 jellies
  7 centaur skeletons
  A gnoll shaman (D:7)
  29 orc priests
  2 bullfrog skeletons
  38 orc wizards
  2 iguanas
  14 worker ants
  4 hell rats (Lair:4)
  A killer bee zombie (D:9)
  A howler monkey skeleton (D:8)
  15 gnolls
  A worker ant zombie (D:10)
  15 adders
  2 shadow imps
  10 oozes
  2 adder skeletons
  2 worms
  4 dart slugs
  6 leopard geckos
  94 orcs
  5 bat skeletons (D:4)
  A bat zombie (D:4)
  2 giant cockroaches
  7 goblins
  10 hobgoblins
  8 jackals
  30 kobolds
  5 quokkas
  9 bats
  5 frilled lizards
  A quokka skeleton (D:9)
  12 rats
853 creatures vanquished.

Vanquished Creatures (others)
  A basilisk (D:9)
  A hungry ghost (D:7)
  An ogre (D:7)
  A killer bee (D:7)
  A jelly (D:12)
  A worker ant (D:9)
  A leopard gecko (D:4)
  4 fungi (Lair:6)
  3 plants
14 creatures vanquished.

Grand Total: 867 creatures vanquished

Notes
Turn   | Place    | Note
-------+----------+-------------------------------------------
     0 | D:1      | ozpin88 the Minotaur Berserker began the quest for the Orb.
     0 | D:1      | Reached XP level 1. HP: 19/19 MP: 0/0
    88 | D:1      | Reached XP level 2. HP: 16/27 MP: 1/1
   627 | D:1      | Reached XP level 3. HP: 33/33 MP: 2/2
  1024 | D:2      | Reached ** piety under Trog
  1233 | D:2      | Reached XP level 4. HP: 38/41 MP: 3/3
  1830 | D:3      | Reached skill level 5 in Axes
  1959 | D:3      | Reached XP level 5. HP: 47/47 MP: 4/4
  1968 | D:3      | Reached skill level 5 in Fighting
  1977 | D:3      | Reached *** piety under Trog
  2417 | D:3      | Reached XP level 6. HP: 54/56 MP: 5/5
  2483 | D:4      | Noticed Blork the orc
  2495 | D:4      | Killed Blork the orc
  2632 | D:4      | Found Sewesor's General Store.
  2684 | D:4      | Reached skill level 5 in Armour
  2827 | D:4      | Reached skill level 1 in Maces & Flails
  2840 | D:4      | Noticed a slave
  2840 | D:4      | Noticed a slave
  2840 | D:4      | Noticed a slave
  2841 | D:4      | Noticed Pikel
  2841 | D:4      | Noticed a slave
  2863 | D:4      | Killed Pikel
  2863 | D:4      | Reached XP level 7. HP: 16/62 MP: 6/6
  3540 | D:4      | Found an ancient bone altar of Kikubaaqudgha.
  3543 | D:4      | Reached XP level 8. HP: 70/70 MP: 7/7
  4038 | D:5      | Entered Level 5 of the Dungeon
  4467 | D:5      | Noticed Grinder
  4469 | D:5      | Killed Grinder
  4469 | D:5      | Reached skill level 5 in Maces & Flails
  4469 | D:5      | Reached skill level 1 in Stealth
  4671 | D:5      | Reached skill level 1 in Shields
  5026 | D:5      | Got a pair of translucent boots
  5037 | D:5      | Identified the +0 pair of boots "Lomn" {rElec Int+5} (You
                  | found it on level 5 of the Dungeon)
  5206 | D:6      | Found an iron altar of Okawaru.
  5207 | D:6      | Found a sparkling altar of Nemelex Xobeh.
  5207 | D:6      | Found an ornate altar of the Wu Jian Council.
  5211 | D:6      | Noticed Edmund
  5219 | D:6      | Reached **** piety under Trog
  5219 | D:6      | Reached XP level 9. HP: 78/78 MP: 8/8
  5222 | D:6      | Killed Edmund
  5231 | D:6      | Found a hazy altar of Hepliaklqana.
  5319 | D:6      | Found a staircase to the Ecumenical Temple.
  5336 | D:6      | Found a bloodstained altar of Trog.
  5337 | D:6      | Noticed Eustachio
  5346 | D:6      | Killed Eustachio
  5367 | D:6      | Noticed Dowan
  5368 | D:6      | Noticed Duvessa
  5371 | D:6      | Killed Duvessa
  5381 | D:6      | Killed Dowan
  6016 | D:7      | Found a shattered altar of Ashenzari.
  6027 | D:7      | Reached ***** piety under Trog
  6076 | D:7      | Found a basalt altar of Yredelemnul.
  6083 | D:7      | Reached skill level 10 in Armour
  6205 | D:7      | Reached XP level 10. HP: 86/86 MP: 9/9
  6214 | D:7      | Reached skill level 10 in Maces & Flails
  6599 | D:7      | Received a gift from Trog
  6750 | D:7      | Noticed Harold
  6790 | D:7      | Killed Harold
  7011 | D:8      | Found a shadowy altar of Dithmenos.
  7053 | D:8      | Found a blossoming altar of Fedhas.
  7053 | D:8      | Found a glowing golden altar of the Shining One.
  7054 | D:8      | Found a stormy altar of Qazlal.
  7084 | D:8      | Noticed a two-headed ogre
  7089 | D:8      | Killed a two-headed ogre
  7132 | D:8      | Found a hide-covered altar of Uskayaw.
  7155 | D:8      | Noticed Maurice
  7177 | D:8      | Found a deep blue altar of Sif Muna.
  7575 | D:9      | Found a runed door.
  7575 | D:9      | Noticed a two-headed ogre
  7576 | D:9      | Found a runed door.
  7576 | D:9      | Found a runed door.
  7578 | D:9      | Noticed a two-headed ogre
  7646 | D:9      | Killed a two-headed ogre
  7705 | D:9      | Found an opulent altar of Gozag.
  7713 | D:9      | Reached XP level 11. HP: 95/95 MP: 10/10
  7908 | D:9      | Found a staircase to the Lair.
  7921 | D:9      | Received a gift from Trog
  8128 | D:9      | Identified Diduskiosh's Collected Works on Dislocated
                  | Malediction
  8129 | D:9      | Got a fine flail
  9402 | D:9      | Killed an unseen horror
  9647 | D:9      | Killed a two-headed ogre
  9760 | D:10     | Entered Level 10 of the Dungeon
  9970 | D:10     | Killed an unseen horror
 10261 | D:10     | Received a gift from Trog
 10293 | D:10     | Reached skill level 10 in Fighting
 10373 | D:10     | Got a shimmering trident
 10792 | D:11     | Found Neimamp's Weapon Boutique.
 10795 | D:11     | Found a staircase to the Orcish Mines.
 10799 | D:11     | Noticed a two-headed ogre
 10808 | D:11     | Killed a two-headed ogre
 10808 | D:11     | Reached ****** piety under Trog
 10808 | D:11     | Reached skill level 5 in Shields
 10974 | D:11     | Reached XP level 12. HP: 100/107 MP: 11/11
 11183 | D:11     | Got a smoking buckler
 11194 | D:11     | Identified the +2 buckler of the Vanishing Queens {Int+4
                  | Dex+4} (You found it on level 11 of the Dungeon)
 11533 | Lair:1   | Entered Level 1 of the Lair of Beasts
 11636 | Lair:1   | Received a gift from Trog
 11764 | Lair:1   | Found a dark tunnel.
 11914 | Lair:1   | Noticed an eight-headed hydra
 11922 | Lair:1   | Killed an eight-headed hydra
 12763 | Lair:2   | Identified the cursed +0 flail of Teowyrom {flame, rC++
                  | Int+2 Dex+3} (You found it on level 9 of the Dungeon)
 13059 | Lair:2   | Found a staircase to the Shoals.
 13390 | Lair:3   | Reached skill level 15 in Maces & Flails
 13568 | Lair:3   | Noticed a four-headed hydra
 13584 | Lair:3   | Killed a four-headed hydra
 13902 | Lair:3   | Noticed a six-headed hydra
 13908 | Lair:3   | Killed a six-headed hydra
 13973 | Lair:3   | Found a runed gate.
 13973 | Lair:3   | Found a runed gate.
 13973 | Lair:3   | Found a runed gate.
 13974 | Lair:3   | Noticed Rexfelis's ghost (journeyman MiBe)
 13975 | Lair:3   | Noticed Esinlyl's ghost (journeyman DEAE)
 13992 | Lair:3   | Killed Rexfelis's ghost
 13992 | Lair:3   | Received a gift from Trog
 13999 | Lair:3   | Killed Esinlyl's ghost
 13999 | Lair:3   | Reached XP level 13. HP: 112/118 MP: 12/12
 14520 | Lair:4   | Noticed Snorg
 14532 | Lair:4   | Killed Snorg
 14987 | Lair:4   | Found a hole to the Spider Nest.
 15014 | Spider:1 | Entered Level 1 of the Spider Nest
 15767 | Lair:5   | Found a staircase to the Slime Pits.
 16385 | Lair:6   | Entered Level 6 of the Lair of Beasts
 16455 | Lair:6   | Reached skill level 15 in Armour
 17207 | Lair:6   | Received a gift from Trog
 17750 | Lair:6   | Reached XP level 14. HP: 114/129 MP: 13/13
 18132 | Lair:6   | Received a gift from Trog
 19137 | Shoals:1 | Entered Level 1 of the Shoals
 19664 | Orc:1    | Entered Level 1 of the Orcish Mines
 19664 | Orc:1    | Noticed Sonja
 19675 | Orc:1    | Killed Sonja
 20138 | Orc:2    | Entered Level 2 of the Orcish Mines
 20154 | Orc:2    | Reached skill level 10 in Shields
 20494 | Orc:2    | Received a gift from Trog
 20919 | Orc:2    | Found a burning altar of Makhleb.
 20921 | Orc:2    | Found a staircase to the Elven Halls.
 21176 | Orc:2    | Noticed an orc warlord
 21378 | Orc:1    | Noticed a stone giant
 21389 | Orc:1    | Killed a stone giant
 21538 | Orc:1    | Received a gift from Trog
 21708 | Orc:1    | Noticed Gaogaxia's ghost (journeyman GnGl)
 21785 | Orc:1    | Noticed Erica
 21791 | Orc:1    | Killed Erica
 21847 | Orc:1    | Found a transporter.
 21954 | Orc:1    | Found a transporter.
 22120 | Orc:1    | Gained mutation: You are dopey. (Int -2) [a neqoxec]
 22123 | Orc:1    | Gained mutation: You are very dopey. (Int -4) [a neqoxec]
 22128 | Orc:1    | Killed Gaogaxia's ghost
 22129 | Orc:1    | Gained mutation: You are clumsy. (Dex -2) [a neqoxec]
 22130 | Orc:1    | Gained mutation: You passively map a small area around you.
                  | [a neqoxec]
 22136 | Orc:1    | Gained mutation: You are very clumsy. (Dex -4) [a neqoxec]
 22154 | Orc:1    | Got the ring "Bykoeb" {Dex-3}
 22156 | Orc:1    | Identified the cursed ring "Bykoeb" {rC+ rN+ Int+5 Dex-3}
                  | (You found it on level 1 of the Orcish Mines)
 22289 | Orc:2    | Killed an orc warlord
 22336 | Orc:2    | Paralysed by an orc sorcerer for 5 turns
 23522 | Orc:2    | Found Zorodobu's General Store.
 23523 | Orc:2    | Found Tyrakej's Book Emporium.
 23524 | Orc:2    | Found Kiojemm's Antique Armour Emporium.
 23524 | Orc:2    | Found Ixtaq's Antique Weapon Shoppe.
 23538 | Orc:2    | Bought a scroll of enchant weapon for 112 gold pieces
 23736 | D:12     | Noticed Azrael
 23750 | D:12     | Killed Azrael
 23750 | D:12     | Reached XP level 15. HP: 139/139 MP: 14/14
 24297 | D:12     | Noticed Fannar
 24307 | D:12     | Killed Fannar
 24307 | D:12     | Reached skill level 15 in Fighting
 24668 | D:13     | Received a gift from Trog
 24699 | D:13     | Found a runed door.
 24730 | D:13     | Found Saoxa's Distillery.
 24777 | D:13     | Noticed Josephine
 24785 | D:13     | Killed Josephine
 24937 | D:13     | Got a coiled steel ring
 24939 | D:13     | Identified the ring of Pelusienka {+Fly MP+9} (You found it
                  | on level 13 of the Dungeon)
 26145 | D:14     | Found a gate to the Vaults.
 26145 | D:14     | Noticed Urug
 26145 | D:14     | Noticed Rupert
 26159 | D:14     | Killed Rupert
 26366 | D:14     | Killed Urug
 26944 | D:14     | Found a large runed door.
 26946 | D:14     | Found a large runed door.
 26948 | D:14     | Noticed flyingllamaman's ghost (journeyman MiFi)
 26976 | D:14     | Killed flyingllamaman's ghost
 27317 | D:14     | Upgraded the game from 0.23-a0-404-g0063841 to
                  | 0.23-a0-405-g368ce00
 27607 | Slime:1  | Entered Level 1 of the Pits of Slime
 27620 | Slime:1  | Received a gift from Trog
 27620 | Slime:1  | Noticed an acid blob
 27636 | Lair:5   | Mangled by an acid blob

Vault maps used:
D:1:      eino_arrival_cavern_c
D:2:      serial_bayou, serial_bayou_shore_b, serial_bayou_shore_b,
          serial_bayou_shore_a, serial_bayou_pond_b, minmay_heptomino_o4
D:4:      kennysheep_vampire_church, serial_shops, shop, first_ration,
          uniq_pikel, uniq_blork_the_orc
D:5:      cheibrodos_thug_alley, serial_bayou, serial_bayou_pond_d,
          serial_bayou_ford_a, serial_bayou_lake_a, serial_bayou_pond_b,
          serial_bayou_lagoon_a, uniq_grinder
D:6:      bloody_trog, grunt_temple_overflow_open, temple_doors_e, uniq_edmund,
          uniq_eustachio, uniq_duvessa
D:7:      lemuel_doored_altar, yredelemnul_altar_generic, serial_corexii_hall,
          corexii_hall_statues_l, chequers_hall_statues_corner_a, uniq_harold
D:8:      lemuel_blue_sif_altar, eat_drink_and_be_merry_uskayaw,
          gammafunk_temple_overflow_claw, grunt_dithmenos_smoke, uniq_maurice
D:9:      minmay_the_grid_four_pointed_star, nicolae_gozag_seed_capital,
          erik_lair_orcish_takeover
D:10:     hangedman_little_slice_of_home
D:11:     orc_david_3
D:12:     uniq_fannar, uniq_azrael
D:13:     gammafunk_mikee_crab_dinner, serial_shops, nicolae_shop_trees,
          uniq_josephine
D:14:     david_vaults_3, ebering_ghost_disaster_area, minivault_26,
          grunt_ministairs_4
Lair:1:   enter_volcano_1
Lair:2:   minmay_shoals_entry_beasts
Lair:3:   gammafunk_ghost_cemetery
Lair:4:   spider_nest_entry_a, infiniplex_staircase_pool, uniq_snorg
Lair:5:   nicolae_slime_entry_slimehenge, st_stairs_9, kilobyte_rumbling_trees
Lair:6:   minmay_lair_end_enchanted_forest
Shoals:1: ebering_ghost_xom
Spider:1: uniq_roxanne
Orc:1:    gammafunk_ghost_stat_death, uniq_sonja, uniq_erica
Orc:2:    st_orc_congregation, lab_entry_generic, basic_altar

Skill      XL: |  1  2  3  4  5  6  7  8  9 10 11 12 13 14 15 |
---------------+----------------------------------------------+-----
Fighting       | 4 5 6 7 8 10 12 13 14 15 | 15.8
Axes           | 4 5 6 7 |  7.4
Armour         | 3 4 6 7 8 10 11 12 13 15 16 17 | 17.2
Maces & Flails | 3 6 9 11 13 15 16 17 | 17.7
Stealth        | 1 |  1.0
Shields        | 1 3 4 5 6 9 11 13 | 13.3
Dodging        | 3 4 |  4.7

Action                   |  1- 3 |  4- 6 |  7- 9 | 10-12 | 13-15 || total
-------------------------+-------+-------+-------+-------+-------++-------
Melee: Hand axe          |    95 |   108 |       |       |       ||   203
       Headbutt          |    12 |    28 |    45 |   141 |   462 ||   688
       Flail             |       |    25 |   231 |   274 |  1567 ||  2097
       Morningstar       |       |       |       |   262 |       ||   262
       Dire flail        |       |       |       |   104 |       ||   104
Invok: Berserk           |       |     2 |     3 |    11 |    37 ||    53
       Trog's Hand       |       |     1 |       |       |       ||     1
 Abil: Evoke Flight      |       |       |       |       |     1 ||     1
Evoke: Wand              |       |       |       |       |     4 ||     4
  Use: Scroll            |       |       |       |    10 |    24 ||    34
       Potion            |       |       |       |       |     2 ||     2
 Stab: Distracted        |       |       |       |       |     1 ||     1
  Eat: Chunk             |     1 |     7 |     4 |    28 |    31 ||    71
       Ration            |       |       |     3 |     3 |    14 ||    20
Armor: Animal skin       |     4 |       |       |       |       ||     4
       Plate armour      |    47 |   112 |   144 |   418 |   741 ||  1462
Dodge: Dodged            |    34 |    70 |    82 |   248 |   551 ||   985
Block: Buckler           |       |       |    39 |   131 |   633 ||   803
       Reflection        |       |       |       |       |     3 ||     3

Table legend:
 A = Non-vault XP
 B = Vault XP
 C = Vault XP percentage of total XP
 D = Non-vault monster count
 E = Vault monster count
 F = Vault count percentage of total count
                 A         B        C        D         E       F
            +---------+---------+-------+---------+---------+-------
      Total |   80563 |   65182 |  44.7 |     589 |     269 |  31.4
            +---------+---------+-------+---------+---------+-------
        D:1 |      45 |       0 |   0.0 |      24 |       0 |   0.0
        D:2 |      74 |       9 |  10.8 |      22 |       4 |  15.4
        D:3 |     253 |       0 |   0.0 |      32 |       0 |   0.0
        D:4 |     331 |     898 |  73.1 |       7 |      11 |  61.1
        D:5 |     561 |     516 |  47.9 |      12 |      13 |  52.0
        D:6 |     910 |     578 |  38.8 |      29 |       4 |  12.1
        D:7 |    2241 |    1018 |  31.2 |      41 |       1 |   2.4
        D:8 |    1991 |       0 |   0.0 |      34 |       0 |   0.0
        D:9 |    1673 |    4884 |  74.5 |      20 |      29 |  59.2
       D:10 |    2880 |     165 |   5.4 |      23 |       8 |  25.8
       D:11 |    3233 |     270 |   7.7 |      33 |       6 |  15.4
       D:12 |    2826 |    3523 |  55.5 |      26 |      10 |  27.8
       D:13 |    6426 |   15481 |  70.7 |      23 |      25 |  52.1
       D:14 |    6464 |    8551 |  56.9 |      17 |      16 |  48.5
     Lair:1 |    3963 |       0 |   0.0 |      16 |       0 |   0.0
     Lair:2 |    4504 |     781 |  14.8 |      27 |       2 |   6.9
     Lair:3 |    4924 |    2156 |  30.5 |      14 |       2 |  12.5
     Lair:4 |    2219 |    1401 |  38.7 |      10 |       2 |  16.7
     Lair:5 |    8460 |    1588 |  15.8 |      34 |      16 |  32.0
     Lair:6 |   12455 |    8193 |  39.7 |      42 |      46 |  52.3
   Shoals:1 |    2510 |       0 |   0.0 |       4 |       0 |   0.0
    Slime:1 |     711 |       0 |   0.0 |       2 |       0 |   0.0
      Orc:1 |    3506 |    3498 |  49.9 |      40 |      10 |  20.0
      Orc:2 |    7403 |   11672 |  61.2 |      57 |      64 |  52.9
            +---------+---------+-------+---------+---------+-------
